 Dungeon Crawl Stone Soup version 0.28-a0-194-g42b4daccc1 (webtiles) character file.

Game seed: 17477449992993023336

547 kae the Cleaver (level 7, -2/63 HPs)
             Began as a Hill Orc Fighter on Aug 18, 2021.
             Slain by an orc wizard (5 damage)
             ... on level 4 of the Dungeon.
             The game lasted 00:02:20 (3941 turns).

kae the Cleaver (Hill Orc Fighter)                  Turns: 3941, Time: 00:02:21

Health: -2/63      AC:  6    Str: 21    XL:     7   Next: 28%
Magic:  7/7        EV:  7    Int:  8    God:
Gold:   65         SH:  8    Dex: 10    Spells: 6/6 levels left

rFire   . . .      SeeInvis .   a - +0 war axe
rCold   . . .      Faith    .   c - +0 kite shield
rNeg    . . .      Spirit   .   b - +0 scale mail
rPois   .          Reflect  .   (no helmet)
rElec   .          Harm     .   (no cloak)
rCorr   .          Rampage  .   (no gloves)
Will    .....                   (no boots)
Stlth   ..........              (no amulet)
HPRegen 0.20/turn               (no ring)
MPRegen 0.10/turn               (no ring)

@: hasted, very quick
A: no striking features
a: no special abilities


You were on level 4 of the Dungeon.
You visited 1 branch of the dungeon, and saw 4 of its levels.

You collected 180 gold pieces.
You spent 115 gold pieces at shops.

Inventory:

Hand Weapons
 a - a +0 war axe (weapon)
Missiles
 j - 2 throwing nets (quivered)
Armour
 b - a +0 scale mail (worn)
 c - a +0 kite shield (worn)
Scrolls
 l - a scroll of teleportation
 m - a scroll of noise
 n - a scroll of enchant weapon
 o - a scroll of fear {unknown}
 p - a scroll of brand weapon {unknown}
Potions
 e - a potion of mutation
 i - a potion of haste
 k - a potion of degeneration {unknown}


   Skills:
 + Level 6.3 Fighting
 * Level 8.5 Axes
 - Level 3.2 Armour
 - Level 3.2 Shields


You had 6 spell levels left.
You didn't know any spells.
Your spell library was empty.

Dungeon Overview and Level Annotations

Branches:
Dungeon (4/15)
 Temple: D:4-7

Altars:
Ashenzari
Elyvilon
Okawaru

Shops:
D:2 [?[=

Annotations:
D:4 3 runed translucent doors, NigelTetley's ghost, amateur MiFi


Message History

Your shield prevents you from hitting the orc wizard.
The orc wizard is almost dead.
The orc wizard mumbles some strange words.
The orc wizard flickers and vanishes!
Something hits you.
You closely miss something. Something hits you.
You slash something!
Reactivating autopickup.
You feel a bit more experienced.
You slash the endoplasm!
You kill the endoplasm!
Deactivating autopickup; reactivate with Ctrl-A.
You closely miss something. Something hits you.
You slash something! Something hits you. Something hits you but does no damage.
You closely miss something.
You hear some strange, mumbled words.
Something tries to affect you, but you resist.
You closely miss something. Something hits you.
Your shield prevents you from hitting something.
Something hits you.
You hear some strange, mumbled words.
A puff of flame appears from out of thin air!
The puff of flame hits you!
* * * LOW HITPOINT WARNING * * *
You hit something but do no damage. Something hits you.
* * * LOW HITPOINT WARNING * * *
You miss something. Something hits you.
* * * LOW HITPOINT WARNING * * *
It was a potion of curing.
You feel better. Something hits you but does no damage.
You miss something. You block something's attack.
You barely miss something. Something hits you.
* * * LOW HITPOINT WARNING * * *
You hear some strange, mumbled words.
A puff of flame appears from out of thin air!
The puff of flame hits you!
* * * LOW HITPOINT WARNING * * *
You feel better. Something hits you.
* * * LOW HITPOINT WARNING * * *
It was a potion of haste.
You feel yourself speed up. Something hits you.
You die...

####.# #..>.#
#.# #.#.##
#.#####.###.#.#
#.......).....#
........###.###
. ######### #.#
... #.#
.....###### #.#
......{@..# #.#
.))..####.# #.#
...
#.#########.# .
#.........).#
#############


There were no monsters in sight!

Vanquished Creatures
  Sigmund (D:3)
  A water moccasin (D:4)
  A jelly (D:4)
  An orc priest (D:4)
  A hound (D:4)
  An iguana (D:4)
  2 orc wizards (D:4)
  Robin (D:3)
  An adder (D:2)
  2 worms
  A dart slug (D:1)
  5 orcs
  A ball python (D:1)
  6 endoplasms
  6 giant cockroaches
  14 goblins
  6 hobgoblins
  4 jackals
  2 quokkas
  A bat (D:2)
  4 frilled lizards
  6 kobolds
  7 rats
75 creatures vanquished.

Vanquished Creatures (collateral kills)
  A hound zombie (D:3)
1 creature vanquished.

Grand Total: 76 creatures vanquished

Notes
Turn   | Place    | Note
-------+----------+-------------------------------------------
     0 | D:1      | kae the Hill Orc Fighter began the quest for the Orb.
     0 | D:1      | Reached XP level 1. HP: 19/19 MP: 1/1
   204 | D:1      | Reached skill level 3 in Axes
   382 | D:1      | Reached XP level 2. HP: 22/27 MP: 2/2
   508 | D:1      | Found a faded altar of an unknown god.
  1016 | D:2      | Reached skill level 4 in Axes
  1016 | D:2      | Reached XP level 3. HP: 33/33 MP: 3/3
  1511 | D:2      | Found Popigiab's Antique Armour Shoppe.
  1540 | D:2      | Found Buvotos's Magic Scroll Boutique.
  1546 | D:2      | Bought a scroll of teleportation for 30 gold pieces
  1546 | D:2      | Bought a scroll of noise for 10 gold pieces
  1546 | D:2      | Bought a scroll of enchant weapon for 75 gold pieces
  1725 | D:2      | Found Sinliysafa's Jewellery Emporium.
  1873 | D:2      | Found Onovvixe's Armour Shoppe.
  1974 | D:3      | Found a white marble altar of Elyvilon.
  1974 | D:3      | Found an iron altar of Okawaru.
  1975 | D:3      | Found a broken altar of Ashenzari.
  2139 | D:3      | Noticed Robin
  2161 | D:3      | Reached XP level 4. HP: 30/41 MP: 4/4
  2184 | D:3      | Reached skill level 5 in Axes
  2354 | D:3      | Killed Robin
  2524 | D:3      | Noticed Sigmund
  2548 | D:3      | Killed Sigmund
  2549 | D:3      | Reached skill level 5 in Fighting
  2549 | D:3      | Reached skill level 6 in Axes
  2549 | D:3      | Reached XP level 5. HP: 6/48 MP: 5/5
  2549 | D:3      | Reached XP level 6. HP: 7/56 MP: 6/6
  2878 | D:3      | Reached skill level 7 in Axes
  3309 | D:4      | Found a runed translucent gate.
  3309 | D:4      | Found a runed translucent gate.
  3309 | D:4      | Found a runed translucent gate.
  3310 | D:4      | Noticed NigelTetley's ghost (amateur MiFi)
  3416 | D:4      | Noticed a water moccasin
  3422 | D:4      | Killed a water moccasin
  3547 | D:4      | Reached skill level 8 in Axes
  3547 | D:4      | Reached XP level 7. HP: 48/63 MP: 7/7
  3936 | D:4      | HP: 1/63 [something (6)]
  3941 | D:4      | Slain by an orc wizard

Illustrated notes

Levels and vault maps discovered:
D:1:      minmay_arrival_four_loops, layout_rooms,
          shapermc_ecumenical_altar_flowoftime, minmay_pentomino_q4
D:2:      layout_basic, serial_shops, nicolae_shop_trees, shop,
          nicolae_shop_waterfront, nicolae_shop_crystal
D:3:      layout_loops_ring, nicolae_overflow_hidden_temple, uniq_sigmund,
          uniq_robin
D:4:      layout_loops_ring, nicolae_tso_swordbearing_angel,
          gammafunk_ghost_nasty_kobolds

Skill      XL: |  1  2  3  4  5  6 |
---------------+-------------------+-----
Axes           | 3 4 6 8 |  8.5
Fighting       | 4 5 6 |  6.3
Armour         | |  3.2
Shields        | |  3.2

Action                   |  1- 3 |  4- 6 |  7- 9 || total
-------------------------+-------+-------+-------++-------
Melee: War axe           |   107 |    93 |    33 ||   233
  Use: Scroll            |     1 |     1 |       ||     2
       Potion            |       |     3 |     3 ||     6
Armor: Scale mail        |    45 |    30 |     3 ||    78
Dodge: Dodged            |    39 |    38 |     3 ||    80
Block: Kite shield       |    49 |    40 |     5 ||    94

Table legend: (Time is in decaauts)
 A = Elapsed time spent in this place.
 B = Non-inter-level travel time spent in this place.
 C = Inter-level travel time spent in this place.
 D = Time resting spent in this place.
 E = Time spent auto-exploring this place.
 F = Levels seen in this place.
 G = Mean time per level.
                   A        B        C        D        E       F      G
               +--------+--------+--------+--------+--------+-----+--------+
         Total |   4052 |   3883 |    169 |    577 |   2782 |   4 | 1013.0 |
       Dungeon |   4052 |   3883 |    169 |    577 |   2782 |   4 | 1013.0 |
               +--------+--------+--------+--------+--------+-----+--------+

Top non-repeatable levels by time:
     D:2: 1224 daAuts
     D:3: 1204 daAuts
     D:1: 957 daAuts
     D:4: 665 daAuts
